 Dungeon Crawl Stone Soup version 0.23.2-40-g277498a001 (webtiles) character file.

Game seed: 8738388990021361607

198 Morag the Bolt Thrower (level 5, -5/45 HPs)
             Began as a Minotaur Hunter on Aug 13, 2019.
             Slain by Sigmund
             ... wielding a +0 scythe
              (9 damage)
             ... on level 3 of the Dungeon.
             The game lasted 00:12:59 (1977 turns).

Morag the Bolt Thrower (Minotaur Hunter)            Turns: 1977, Time: 00:12:59

Health: -5/45      AC:  3    Str: 18    XL:     5   Next: 47%
Magic:  4/4        EV: 12    Int:  8    God:
Gold:   88         SH:  0    Dex: 10    Spells: 4/4 levels left

rFire    . . .     SeeInvis .   b - +2 short sword
rCold    . . .     Gourm    .   (no shield)
rNeg     . . .     Faith    .   c - +0 leather armour
rPois    .         Spirit   .   (helmet restricted)
rElec    .         Reflect  .   (no cloak)
rCorr    .         Harm     .   (no gloves)
MR       .....                  (no boots)
Stlth    +.........             (no amulet)
HPRegen  0.15/turn              (no ring)
MPRegen  0.09/turn              (no ring)

@: no status effects
A: retaliatory headbutt, horns 2
a: no special abilities


You were on level 3 of the Dungeon.
You were not hungry.

You visited 1 branch of the dungeon, and saw 3 of its levels.

You collected 88 gold pieces.

Inventory:

Hand Weapons
 a - a +2 hand crossbow
 b - a +2 short sword (weapon)
Missiles
 d - 35 bolts
 o - 7 tomahawks (quivered)
 p - 47 stones
 q - 2 needles of confusion
Armour
 c - a +0 leather armour (worn)
Jewellery
 e - a +4 ring of evasion {unknown}
Potions
 h - a potion of mutation {unknown}
 l - a potion of curing
 r - a potion of heal wounds
Comestibles
 f - 4 rations
 g - a chunk of flesh


   Skills:
 + Level 3.3 Fighting
 + Level 1.1 Short Blades
 + Level 6.2 Crossbows
 + Level 1.6 Armour
 + Level 2.9 Dodging
 + Level 1.2 Stealth


You had 4 spell levels left.
You didn't know any spells.
Your spell library was empty.

Dungeon Overview and Level Annotations

Branches:
Dungeon (3/15)

Altars:
Cheibriados

Annotations:
D:3 Sigmund


Innate Abilities, Weirdness & Mutations

You reflexively headbutt those who attack you in melee.
You have a pair of horns on your head.


Message History

You hit something.
You hear some strange, mumbled words.
A magic dart appears from out of thin air!
The magic dart hits you.
You hit something but do no damage. Something hits you!
You hit something. Something hits you.
* * * LOW HITPOINT WARNING * * *
You miss something. Something hits you.
* * * LOW HITPOINT WARNING * * *
You completely miss something. Your headbutt misses something.
You miss something. Something hits you.
* * * LOW HITPOINT WARNING * * *
You hit something. Something barely misses you.
You closely miss something. You hit something. Something barely misses you.
You closely miss something.
You hear some strange, mumbled words.
Something tries to affect you, but you resist.
You miss something. Something hits you!
You die...

.....# #.# ..####
#.# .## ####.####
.#********#...(...#
##,,,,,,,*#.##.##.#
#*,,,,,,,*#,*#.##.#
**,,,,,,,**,,..##.#
,,,,,,,,,*#..####.#
,,,,,,,,,*#....{@.#
,,,,,,,,,*##.######
,,,,,,,,,* *,,,*
,,,,****** ***,*
,,,,* *,* ,,,,* *,*
,,,,* *,* ***** *,*
**********,*


There were no monsters in sight!

Vanquished Creatures
  A sky beast (D:2)
  A crimson imp (D:2)
  2 adders (D:2)
  A shadow imp (D:2)
  A worm (D:2)
  2 dart slugs (D:1)
  An orc (D:3)
  4 bats (D:2)
  3 giant cockroaches
  8 goblins
  5 hobgoblins
  5 jackals
  A quokka (D:2)
  2 frilled lizards (D:2)
  3 kobolds
  4 rats (D:2)
44 creatures vanquished.

Notes
Turn   | Place    | Note
-------+----------+-------------------------------------------
     0 | D:1      | Morag the Minotaur Hunter began the quest for the Orb.
     0 | D:1      | Reached XP level 1. HP: 18/18 MP: 0/0
    30 | D:1      | Reached skill level 1 in Stealth
    70 | D:1      | Reached XP level 2. HP: 19/25 MP: 1/1
   397 | D:1      | Reached skill level 5 in Crossbows
   929 | D:2      | Noticed a crimson imp
   933 | D:2      | Reached XP level 3. HP: 30/30 MP: 2/2
   994 | D:2      | Noticed a sky beast
  1001 | D:2      | Killed a sky beast
  1001 | D:2      | Reached skill level 6 in Crossbows
  1001 | D:2      | Reached skill level 1 in Armour
  1001 | D:2      | Reached XP level 4. HP: 30/38 MP: 3/3
  1001 | D:2      | Reached XP level 5. HP: 36/45 MP: 4/4
  1298 | D:2      | Reached skill level 1 in Short Blades
  1778 | D:3      | Found a snail-covered altar of Cheibriados.
  1953 | D:3      | Noticed Sigmund
  1977 | D:3      | Slain by Sigmund

Skill      XL: |  1  2  3  4  5 |
---------------+----------------+-----
Stealth        | 1 |  1.2
Crossbows      | 5 6 |  6.2
Fighting       | 3 |  3.3
Armour         | 1 |  1.6
Short Blades   | 1 |  1.1
Dodging        | |  2.9

Action                   |  1- 3 |  4- 6 || total
-------------------------+-------+-------++-------
Melee: Short sword       |    40 |    41 ||    81
       Headbutt          |    10 |     6 ||    16
 Fire: Hand crossbow     |    25 |    25 ||    50
Throw: Tomahawk          |       |     4 ||     4
  Use: Scroll            |       |    10 ||    10
 Stab: Sleeping          |       |     1 ||     1
  Eat: Chunk             |       |     3 ||     3
Armor: Leather armour    |    16 |     7 ||    23
Dodge: Dodged            |    32 |    29 ||    61
